[Event "*** Titled Tuesday 3|2 Blitz"]
[Site "Chess.com"]
[Date "2016.05.03"]
[Round "8"]
[White "Tonychess32"]
[Black "GeorgMeier"]
[Result "1-0"]
[WhiteElo "2455"]
[BlackElo "2730"]
[TimeControl "180+2"]
[EndTime "18:38:37 PDT"]
[Termination "Tonychess32 won by checkmate"]

1. e4 e6 2. d4 d5 3. Nd2 dxe4 4. Nxe4 Nd7 5. Ng3 Ngf6 6. Nf3 c5 7. Bd3 cxd4 8.
Nxd4 Bc5 9. c3 Bxd4 10. cxd4 b6 11. O-O Bb7 12. Re1 O-O 13. Be3 Rc8 14. Rc1 Rxc1 15.
Qxc1 Qa8 16. f3 Rc8 17. Qd2 Bd5 18. b3 a5 19. Bf4 a4 20. Rb1 axb3 21. axb3 Qa5 22. Qxa5 bxa5 23. Ne2 h6 24. Ra1 Bxb3 25. Rxa5 Bc4 26. Bxc4 Rxc4 27. Ra8+ Kh7 28. Ra7 g5 29. Be3 Kg6 30. Rb7 Rc2 31. Kf1 Nd5 32. Bxg5 hxg5 33. Rxd7 Ne3+ 34. Kf2 Nf5 35. g4 Nh4 36. d5 exd5 37.
Rxd5 f6 38. Ra5 Kf7 39. Ra4 Ng6 40. Ra7+ Ke6 41. Ra6+ Kf7 42. Ra7+ Kg8 43. Ke3 Ne5 44. Nd4 Rxh2 45. Ke4 Rd2 46. Ne6 Rf2 47. f4 gxf4 48. Kf5 f3 49. Kxf6 Nxg4+ 50. Kg6 Ne5+ 51. Kf6 Re2 52.
Ra8+ Kh7 53. Ng5+ Kh6 54. Rh8# 1-0

[Event "*** Titled Tuesday 3|2 Blitz"]
[Site "Chess.com"]
[Date "2016.05.03"]
[Round "8"]
[White "Kacparov"]
[Black "GM_Huschenbeth"]
[Result "1-0"]
[WhiteElo "2582"]
[BlackElo "2476"]
[TimeControl "180+2"]
[EndTime "18:38:53 PDT"]
[Termination "Kacparov won by resignation"]

1. e4 e6 2. d4 d5 3. Nd2 dxe4 4.
Nxe4 Nd7 5. Nf3 Ngf6 6. Bd3 Be7 7. O-O Nxe4 8. Bxe4 Nf6 9. Bd3 O-O 10. Bg5 b6 11.
Qe2 Bb7 12. Rad1 h6 13. Bh4 Nd5 14. Bg3 Qc8 15. a3 c5 16. c4 Nf6 17. d5 Nh5 18.
dxe6 Qxe6 19. Qxe6 fxe6 20. Ne5 Nxg3 21. hxg3 Bf6 22. Nd7 Bxb2 23. Nxf8 Rxf8 24. a4 Bd4 25. Rde1 Kf7 26. Re2 Bc6 27. Ra2 a5 28. Rb1 Rb8 29. Re1 Ke7 30. Be4 Bd7 31. Kf1 Kd6 32. f3 Bc8 33. Ke2 Ba6 34. Kd3 Kc7 35. Rc2 Rd8 36. Ke2 Be5 37. f4 Rd4 38. Bd3 Bd6 39. Kd2 Kd7 40. Re4 g5 41. Ke3 Rxe4+ 42. Bxe4 Ke7 43.
Rc1 Kf6 44. Rh1 Bf8 45. Kd3 Bd6 46. Rxh6+ 1-0

[Event "*** Titled Tuesday 3|2 Blitz"]
[Site "Chess.com"]
[Date "2016.05.03"]
[Round "8"]
[White "chesstatour"]
[Black "Lying-Ted"]
[Result "0-1"]
[WhiteElo "2022"]
[BlackElo "2257"]
[TimeControl "180+2"]
[EndTime "18:38:57 PDT"]
[Termination "Lying-Ted won on time"]

1. c4 e6 2. Nc3 d5 3. d4 Be7 4. Nf3 Nf6 5. Bf4 O-O 6. e3 b6 7. Be2 Bb7 8. O-O dxc4 9. Bxc4 c5 10. dxc5 Bxc5 11. Qe2 Nc6 12. Rfd1 Qe7 13. Rac1 Rfd8 14. Bg5 h6 15. Bh4 Rxd1+ 16. Rxd1 Rd8 17. a3 Qc7 18. Bg3 Qe7 19. b4 Bd6 20. Bxd6 Rxd6 21. Nb5 Rxd1+ 22. Qxd1 Ne4 23. h3 a6 24. Nbd4 b5 25. Bd3 Nxd4 26.
Nxd4 Qg5 27. Nf3 Qd5 28. Qc2 Ng5 0-1

[Event "*** Titled Tuesday 3|2 Blitz"]
[Site "Chess.com"]
[Date "2016.05.03"]
[Round "8"]
[White "jposthuma"]
[Black "Silent_Terror"]
[Result "0-1"]
[WhiteElo "2141"]
[BlackElo "2554"]
[TimeControl "180+2"]
[EndTime "18:39:04 PDT"]
[Termination "Silent_Terror won by resignation"]

1. d4 e6 2. c4 Nf6 3. g3 Bb4+ 4. Bd2 Qe7 5. Bg2 Nc6 6. Nf3 Bxd2+ 7. Qxd2 Ne4 8. Qc2 Qb4+ 9. Nbd2 Nxd2 10. Qxd2 Qxc4 11. O-O Qb4 12. Qg5 O-O 13. b3 Nxd4 14. Nxd4 Qxd4 15.
Rac1 c6 16. Rc4 Qf6 17. Qd2 d5 18. Rh4 e5 19. e4 d4 20. f4 c5 21. fxe5 Qxe5 22. Bf3 g6 23. Qh6 Qg7 24. Qg5 b6 25. e5 Rb8 26. Bd5 Be6 27. Bxe6 fxe6 28. Rhf4 Rf5 29. Rxf5 gxf5 30. Qf4 Rd8 31. Rd1 Qg4 32.
Qd2 Kg7 33. Kf2 h6 34. h3 Qxh3 35. Qf4 Qg4 36. Qd2 Rf8 37. Rh1 f4 38. gxf4 Rxf4+ 39. Ke1 Re4+ 40. Kf2 Qf4+ 41. Qxf4 Rxf4+ 42. Ke2 Re4+ 43. Kd3 Rxe5 44. Rg1+ Rg5 45. Re1 e5 46. Kc4 Kf6 47. Kb5 d3 48. Kc4 d2 49. Rd1 Rg2 50. Kc3 h5 51.
Kc2 e4 52. Rf1+ Ke5 53. Kd1 e3 0-1

[Event "*** Titled Tuesday 3|2 Blitz"]
[Site "Chess.com"]
[Date "2016.05.03"]
[Round "8"]
[White "chessking2151"]
[Black "sandropozo"]
[Result "0-1"]
[WhiteElo "2316"]
[BlackElo "2308"]
[TimeControl "180+2"]
[EndTime "18:39:29 PDT"]
[Termination "sandropozo won by resignation"]

1. e4 e6 2. d4 d5 3. Nd2 h6 4. Ngf3 Nf6 5. exd5 exd5 6. Bd3 c5 7. dxc5 Bxc5 8.
O-O O-O 9. Nb3 Bb6 10. Bf4 Nc6 11. h3 Re8 12. c3 Ne4 13. Qc2 Qf6 14. Be3 Bxh3 15. Bxb6 axb6 16. Nh2 Bf5 17. f3 Ng3 18.
Rfe1 d4 19. Bxf5 Nxf5 20. Ng4 Qg5 21. cxd4 h5 22. Ne5 Ncxd4 23. Nxd4 Nxd4 24. Qe4 Rad8 25. f4 Qf5 26. Qxf5 Nxf5 27. Rad1 f6 28. Nf3 Rxd1 29. Rxd1 Re2 30. Rd8+ Kf7 31. Nd2 Ne3 32. g3 Ke6 33.
Rd3 Kf5 34. Nf1 Nxf1 35. Kxf1 Rxb2 0-1

[Event "*** Titled Tuesday 3|2 Blitz"]
[Site "Chess.com"]
[Date "2016.05.03"]
[Round "8"]
[White "renanreis"]
[Black "JusticeBot"]
[Result "0-1"]
[WhiteElo "2009"]
[BlackElo "2481"]
[TimeControl "180+2"]
[EndTime "18:39:48 PDT"]
[Termination "JusticeBot won by resignation"]

1. e4 e5 2. Nf3 Nc6 3. d4 exd4 4. Nxd4 Nf6 5. Nxc6 bxc6 6. e5 Qe7 7. Qe2 Nd5 8.
c4 Ba6 9. b3 g5 10. g3 Bg7 11.
Bb2 O-O-O 12. Qe4 Nb6 13. c5 Bxf1 14. cxb6 Bg2 15. Qxg2 Bxe5 16. Qe4 Bxb2 17. Qxe7 Rhe8 18. Qxe8 Rxe8+ 19. Kd2 Bxa1 20. bxa7 Kb7 21. h4 g4 22.
Na3 Bd4 23. Re1 Bc3+ 24. Kxc3 Rxe1 25. Nc4 Re2 26. Ne3 h5 27. Nf5 Rxf2 28. Ng7 Rf3+ 29. Kc4 Rxg3 30. Nxh5 Rh3 31. Nf6 g3 32. Ne4 g2 0-1

[Event "*** Titled Tuesday 3|2 Blitz"]
[Site "Chess.com"]
[Date "2016.05.03"]
[Round "8"]
[White "ZEN-22"]
[Black "MbMaster"]
[Result "0-1"]
[WhiteElo "2396"]
[BlackElo "2264"]
[TimeControl "180+2"]
[EndTime "18:39:57 PDT"]
[Termination "MbMaster won by checkmate"]

1. e4 d5 2. exd5 Qxd5 3. Nc3 Qa5 4. b4 Qxb4 5. Rb1 Qd6 6. Bc4 c6 7. Nge2 Nf6 8. d4 e6 9. O-O Be7 10. Bf4 Qd8 11. Ng3 Nbd7 12. Re1 Nb6 13. Bd3 Nbd5 14. Bd2 Nxc3 15. Bxc3 Qc7 16. Bd2 O-O 17.
Qf3 b6 18. Bf4 Qd7 19. Be5 Bb7 20. Nh5 Nxh5 21. Bxh7+ Kxh7 22. Qxh5+ Kg8 23. Bxg7 f5 24. Rb3 Bd6 25. Be5 Bxe5 26. Rxe5 Rf7 27. Rh3 Rg7 28.
Qh6 c5 29. Rxe6 Qxd4 30. Qh8+ Kf7 31. Qh5+ Kxe6 32. Re3+ Be4 33. Qh6+ Qf6 34. Qf4 Rxg2+ 35. Kf1 Rd8 36. f3 Rxc2 37. fxe4 Rd1+ 38. Re1 Rxe1+ 39.
Kxe1 Qa1+ 40. Qc1 Qxc1# 0-1

[Event "*** Titled Tuesday 3|2 Blitz"]
[Site "Chess.com"]
[Date "2016.05.03"]
[Round "8"]
[White "Dr-Bassem"]
[Black "E-Shaposhnikov"]
[Result "0-1"]
[WhiteElo "2570"]
[BlackElo "2510"]
[TimeControl "180+2"]
[EndTime "18:40:50 PDT"]
[Termination "E-Shaposhnikov won on time"]

1. e4 c5 2. Nf3 e6 3. d3 d5 4. Nbd2 Nc6 5. g3 Nf6 6. Bg2 g6 7. O-O Bg7 8. Re1 O-O 9. c3 a5 10. a4 b6 11. Nf1 dxe4 12. dxe4 Qxd1 13. Rxd1 Ba6 14. N1d2 Rad8 15. Bf1 Bxf1 16. Rxf1 Bh6 17. Re1 Bxd2 18. Bxd2 Ng4 19. Bf4 Rd3 20. Kg2 e5 21.
Bg5 f6 22. Bc1 f5 23. Nd2 f4 24. h3 Nf6 25. g4 Rfd8 26. Re2 h5 27. f3 hxg4 28. hxg4 Nh7 29. Ra3 Re3 30. Rf2 Re1 31. Ra1 Ng5 32. Nc4 Rdd1 33. Rd2 Rg1+ 34. Kf2 Rdf1+ 35.
Ke2 Re1+ 36. Kd3 Rxc1 37. Rxc1 Rxc1 38. Nxb6 Nxf3 39. Rf2 Ng5 40. Kc4 Nxe4 41. Re2 f3 0-1

[Event "*** Titled Tuesday 3|2 Blitz"]
[Site "Chess.com"]
[Date "2016.05.03"]
[Round "8"]
[White "andretta"]
[Black "GMG"]
[Result "0-1"]
[WhiteElo "2163"]
[BlackElo "2410"]
[TimeControl "180+2"]
[EndTime "18:40:50 PDT"]
[Termination "GMG won by resignation"]

1. Nf3 d5 2. c4 e6 3. cxd5 exd5 4.
e3 Nf6 5. b3 Bd6 6. Bb2 O-O 7.
Be2 Nc6 8. O-O Re8 9. d3 Bg4 10. Nbd2 a5 11. a3 Bf8 12. h3 Bh5 13. Re1 Nd7 14.
Qc2 Nc5 15. Bf1 Bg6 16. Nd4 Ne5 17. e4 h6 18. f4 Ned7 19. f5 Bh7 20. b4 axb4 21.
axb4 Na6 22. b5 Nac5 23. N2f3 Rxa1 24. Bxa1 Qa8 25. Bc3 Bd6 26. e5 Nxe5 27. Nxe5 Rxe5 28. Rxe5 Bxe5 29. Ne6 Bxc3 30. Qxc3 Nxe6 31. fxe6 Qa7+ 32. Kh2 fxe6 33. Qxc7 Qf2 34. Qc8+ Kf7 35. Qd7+ Kf8 36. Qd8+ Kf7 37. Qd7+ Kf6 38. Qd8+ Kg6 39. Qe8+ Kg5 40. Qe7+ Qf6 41. Qd7 Qxf1 42. Qxg7+ Bg6 43. Qe5+ Qf5 44. h4+ Kh5 45. g4+ Kxg4 46. Qg3+ Kh5 0-1

[Event "*** Titled Tuesday 3|2 Blitz"]
[Site "Chess.com"]
[Date "2016.05.03"]
[Round "8"]
[White "Tirantes"]
[Black "viktorskliarov"]
[Result "0-1"]
[WhiteElo "2231"]
[BlackElo "2429"]
[TimeControl "180+2"]
[EndTime "18:40:58 PDT"]
[Termination "viktorskliarov won on time"]

1. c4 e5 2. Nc3 Bb4 3. Nd5 Ba5 4. b4 c6 5. bxa5 cxd5 6. cxd5 Nf6 7. d4 Qxa5+ 8. Bd2 Qxd5 9. dxe5 Qxe5 10. Nf3 Qe7 11.
g3 O-O 12. Bg2 d5 13. O-O Nc6 14. Rb1 Bf5 15. Rb2 Rfe8 16. Bc3 Ne4 17. Bd4 Nxd4 18.
Nxd4 Bg6 19. Qb3 Qf6 20. e3 Nd6 21. Bxd5 Rad8 22. Bg2 Be4 23. Bxe4 Nxe4 24. Qxb7 h5 25. Qc7 h4 26. Qf4 Qxf4 27. gxf4 h3 28. f3 Nc3 29.
Kf2 Nd5 30. Re1 Nxf4 31. Rd2 Ne6 32. Red1 Nc5 33. e4 Rc8 34. Kg3 Na4 35. Kxh3 Rc3 36.
Rd3 Rxd3 37. Rxd3 Rd8 38. Rd2 Nc3 39. Rc2 Nxe4 40. fxe4 Rxd4 41. Rc8+ Kh7 42. Rc7 Rxe4 43. Rxa7 Kg6 44. a4 f5 45. Kg3 Kf6 46. a5 Ra4 47. a6 g5 48. Ra8 Ra3+ 49. Kg2 Ke5 50. Re8+ Kf4 51. Re6 g4 0-1

[Event "*** Titled Tuesday 3|2 Blitz"]
[Site "Chess.com"]
[Date "2016.05.03"]
[Round "8"]
[White "Aguiar94"]
[Black "GianmarcoVaR"]
[Result "1-0"]
[WhiteElo "2384"]
[BlackElo "2324"]
[TimeControl "180+2"]
[EndTime "18:41:02 PDT"]
[Termination "Aguiar94 won by resignation"]

1. e4 g6 2. d4 Bg7 3. Nc3 d6 4. Be3 Nf6 5. Be2 O-O 6. Nf3 Ng4 7. Bg5 h6 8. Bh4 Nc6 9. d5 Nb8 10. Nd2 Nf6 11. O-O e5 12. Nc4 Qe8 13. a4 Na6 14. Qd2 Nd7 15. f3 f5 16. exf5 gxf5 17. Nb5 Nf6 18. Na5 Nh5 19. Rfc1 Qg6 20. c4 Nf4 21. Bf1 h5 22. Bf2 Bh6 23. Be3 Nh3+ 24. Kh1 f4 25.
Bf2 Nxf2+ 26. Qxf2 Bg5 27. Qd2 e4 28. fxe4 f3 29.
Qc2 Bxc1 30. Rxc1 Bg4 31. Nxb7 Rf7 32. h3 fxg2+ 33. Bxg2 Bd7 34. Na5 Raf8 35. Rg1 Rf2 36. Qd3 Kh8 37. Qd4+ Kh7 38. b4 Nxb4 39. e5 Nc2 40. Qxa7 R8f7 41. e6 Bxb5 42. axb5 Rg7 43.
Qxf2 Qd3 44. Qf4 Ne3 45. Be4+ 1-0

[Event "*** Titled Tuesday 3|2 Blitz"]
[Site "Chess.com"]
[Date "2016.05.03"]
[Round "8"]
[White "bugsbunny444"]
[Black "Quiet_Desperation"]
[Result "1-0"]
[WhiteElo "2363"]
[BlackElo "2257"]
[TimeControl "180+2"]
[EndTime "18:41:03 PDT"]
[Termination "bugsbunny444 won by resignation"]

1. Nf3 Nf6 2. c4 e6 3. g3 d5 4. Bg2 Be7 5. O-O O-O 6. b3 c5 7.
e3 Nc6 8. Bb2 d4 9. exd4 cxd4 10.
Re1 Re8 11. d3 Bb4 12. Nbd2 e5 13. a3 Bd6 14. b4 Bg4 15. h3 Bh5 16. Qc2 Rc8 17. Ng5 h6 18. Nge4 Nxe4 19. Nxe4 Bg6 20. Qb3 Kh7 21. Re2 f5 22. Nxd6 Qxd6 23. Rae1 Rcd8 24. b5 Na5 25. Qb4 Qc7 26. c5 b6 27.
c6 Rd6 28. a4 Rde6 29. Bd5 R6e7 30. Ba3 e4 31. Qxd4 f4 32. Bxe7 fxg3 33. Bh4 gxf2+ 34.
Bxf2 Re5 35. Bxe4 Rg5+ 36. Bg2 Bh5 37. Re5 Nb3 38. Qe4+ Bg6 39. Qe3 Rxe5 40. Qxe5 Qf7 41. Be4 Nc5 42. Bxc5 bxc5 43. Qg3 Bxe4 44. Rxe4 Qf6 45.
Re2 Qa1+ 46. Kg2 Qd4 47. Qf3 h5 48. Qe4+ Qxe4+ 49. Rxe4 c4 50. Rxc4 1-0

[Event "*** Titled Tuesday 3|2 Blitz"]
[Site "Chess.com"]
[Date "2016.05.03"]
[Round "8"]
[White "Hikaru"]
[Black "yarosavich"]
[Result "1-0"]
[WhiteElo "2825"]
[BlackElo "2543"]
[TimeControl "180+2"]
[EndTime "18:41:04 PDT"]
[Termination "Hikaru won by resignation"]

1. d4 d5 2. c4 e6 3. Nf3 Nf6 4. Qc2 c6 5. Bg5 Nbd7 6. Nbd2 h6 7. Bh4 Be7 8. e3 O-O 9. Bd3 dxc4 10. Qxc4 Nd5 11. Bxe7 Qxe7 12. O-O e5 13. Rfe1 N5f6 14. Qc2 Re8 15. dxe5 Nxe5 16. Nxe5 Qxe5 17. Nf3 Qh5 18.
Rac1 Be6 19. Nd4 Rad8 20. Be2 Qa5 21. a3 Bd5 22. Bf1 Be4 23. Qc3 Qxc3 24. Rxc3 Bxg2 25. Bxg2 Rxd4 26. Rb3 Re7 27. Rxb7 Rxb7 28. exd4 Rxb2 29.
Bxc6 Ra2 30. a4 Kf8 31. Re5 g5 32. Ra5 Nh5 33. h4 Nf4 34. hxg5 hxg5 35. Rxa7 Ne2+ 36. Kg2 Nxd4 37. Rxf7+ Kxf7 38. Bd5+ Kf6 39. Bxa2 Nc6 40. Bd5 Na5 41. Kg3 Ke5 42. Bg8 Nc6 43. Kg4 Ke4 44. Kxg5 Kf3 45. Bd5+ 1-0

[Event "*** Titled Tuesday 3|2 Blitz"]
[Site "Chess.com"]
[Date "2016.05.03"]
[Round "8"]
[White "Gevorg_Harutjunyan"]
[Black "jcibarra"]
[Result "1/2-1/2"]
[WhiteElo "2658"]
[BlackElo "2607"]
[TimeControl "180+2"]
[EndTime "18:41:09 PDT"]
[Termination "Game drawn by agreement"]

1. e4 e5 2. Nf3 Nc6 3. d4 exd4 4. Nxd4 Nf6 5. Nxc6 bxc6 6. e5 Qe7 7. Qe2 Nd5 8. c4 Nb6 9. b3 a5 10. Bb2 a4 11.
Nd2 axb3 12. axb3 Rxa1+ 13. Bxa1 Qa3 14. Qd1 Bb4 15. Bd3 Qa5 16. Ke2 d6 17. Nf3 Bg4 18. Qc2 dxe5 19. Rd1 h6 20. Be4 O-O 21. h3 Bxf3+ 22. Bxf3 f5 23. Bxc6 Qc5 24. Bd5+ Kh8 25. Kf1 e4 26. Qb2 Qe7 27. Qe5 Nxd5 28. Rxd5 Qxe5 29.
Bxe5 Rf7 30. Rb5 c5 31. Bd6 Rd7 32. Rb6 Ra7 33. g4 Ra1+ 34. Kg2 fxg4 35. hxg4 Kh7 36. Rb7 Ra6 37. Rd7 Kg8 38. Kg3 g5 39. f4 Ra3 40.
f5 Rxb3+ 41. Kg2 Rb2+ 42. Kf1 Rb1+ 43. Ke2 Re1+ 44. Kf2 e3+ 45. Kf3 e2 46. Kf2 h5 47.
gxh5 Rf1+ 48. Kxe2 Rxf5 49. Rc7 g4 50. h6 Rf7 51.
Rxf7 Kxf7 52. Ke3 Kg6 53. Kf4 Kxh6 54. Kxg4 Kg6 55. Kf4 1/2-1/2

[Event "*** Titled Tuesday 3|2 Blitz"]
[Site "Chess.com"]
[Date "2016.05.03"]
[Round "8"]
[White "1random"]
[Black "PowerThinking2650"]
[Result "0-1"]
[WhiteElo "2038"]
[BlackElo "2177"]
[TimeControl "180+2"]
[EndTime "18:41:18 PDT"]
[Termination "PowerThinking2650 won by checkmate"]

1. e4 e5 2. Nf3 Nc6 3. Bc4 Nf6 4. d3 Be7 5. O-O O-O 6. c3 d6 7.
Bb3 Na5 8. Bc2 c5 9. Re1 Re8 10.
Nbd2 Bf8 11. Nf1 Nc6 12. Ng3 g6 13. Be3 Bg7 14. Qd2 b6 15. h3 Bb7 16. Bh6 d5 17. Nf5 Bh8 18. exd5 Nxd5 19. Ne3 Nf4 20. Ng4 f5 21.
Qxf4 Nd4 22. Ngxe5 Nxc2 23. Rac1 Nxe1 24. Rxe1 Qd5 25.
Qc4 Qxc4 26. dxc4 Bxf3 27. Nxf3 Rxe1+ 28. Nxe1 Rd8 29. Kf1 Rd1 30. Ke2 Rb1 31. b3 Bxc3 32. Nd3 Bd4 33. f3 Rg1 34. g4 Rg2+ 35. Kd1 Rxa2 36.
gxf5 gxf5 37. Bd2 Kf7 38. Nf4 a6 39. Nd5 b5 40. cxb5 axb5 41. Nc7 b4 42. Nb5 Rb2 43. Nxd4 cxd4 44. Bxb4 Rxb3 45. Bc5 Rxf3 46. Bxd4 Rd3+ 47.
Ke2 Rxd4 48. Ke3 Re4+ 49. Kf3 Ke6 50. Kg3 Ke5 51. h4 f4+ 52. Kg4 Re3 53. Kh5 f3 54.
Kh6 f2 55. h5 f1=Q 56. Kg7 Qf6+ 57. Kg8 Rg3+ 58. Kxh7 Qg7# 0-1

[Event "*** Titled Tuesday 3|2 Blitz"]
[Site "Chess.com"]
[Date "2016.05.03"]
[Round "8"]
[White "Zazuliak"]
[Black "howitzer14"]
[Result "0-1"]
[WhiteElo "2364"]
[BlackElo "2279"]
[TimeControl "180+2"]
[EndTime "18:42:06 PDT"]
[Termination "howitzer14 won by resignation"]

1. d4 Nf6 2. c4 g6 3. Nc3 d5 4. cxd5 Nxd5 5. Bd2 Bg7 6. e4 Nb6 7. Be3 O-O 8. Be2 Nc6 9. Nf3 Bg4 10. d5 Bxf3 11. gxf3 Na5 12. Bd4 Qd6 13. Bxg7 Kxg7 14. O-O c6 15. dxc6 Qxd1 16. Rfxd1 Nxc6 17. Rac1 Rfd8 18. Kf1 g5 19. Ke1 e6 20. Nb5 Rxd1+ 21. Rxd1 Kf6 22. Nd6 Rb8 23. Rc1 Nd7 24. Bb5 Nde5 25. Be2 Rd8 26. Nc4 Nxc4 27. Rxc4 Ke5 28. Rc5+ Kf4 29. Rc3 Rd6 30. a3 a5 31. Bd1 b6 32.
Rb3 Ne5 33. Be2 h5 34. h3 h4 35.
Rc3 Rc6 36. Rb3 Rc1+ 37. Bd1 Rc6 38. Be2 Ng6 39. Kd2 Rd6+ 40. Ke1 Nf8 41. Rb5 Nd7 42. Rb3 Nc5 43. Rc3 Na4 44. Rc2 Nc5 45. Rc3 Rd4 46.
b3 Nd7 47. Rc7 Ne5 48. Rb7 Rd6 49. Rb8 Rc6 50. Rf8 Rc1+ 51. Kd2 Rh1 52. Rb8 Rxh3 53. Rxb6 Nxf3+ 54. Bxf3 Rxf3 55. Ke2 h3 56. Rb8 g4 57. b4 Rxa3 58. bxa5 Rxa5 59. Rf8 f5 60. exf5 exf5 61.
Rh8 Ra2+ 62. Kd3 Kf3 63. Rf8 f4 0-1

[Event "*** Titled Tuesday 3|2 Blitz"]
[Site "Chess.com"]
[Date "2016.05.03"]
[Round "8"]
[White "MinhGTrAn"]
[Black "EltajSafarli"]
[Result "1/2-1/2"]
[WhiteElo "2646"]
[BlackElo "2721"]
[TimeControl "180+2"]
[EndTime "18:42:18 PDT"]
[Termination "Game drawn by agreement"]

1. d4 Nf6 2. c4 e6 3. Nc3 Bb4 4. e3 O-O 5. Ne2 Re8 6. a3 Bf8 7. Ng3 d5 8. Bd3 c5 9. dxc5 Bxc5 10. O-O dxc4 11. Bxc4 Qc7 12. Qe2 a6 13. b4 Be7 14. Bb2 Bd7 15. Rac1 Bc6 16. Bd3 Nbd7 17.
Nce4 Rac8 18. Nh5 Qd8 19. Nexf6+ Bxf6 20. Nxf6+ Nxf6 21. Rfd1 Qe7 22. Be5 Red8 23. h3 Ne8 24.
Qg4 g6 25. Qg3 f6 26. Bd4 Ba4 27. Re1 Rxc1 28. Rxc1 Qd7 29. f4 Bc6 30. h4 Ng7 31.
Rc5 Rf8 32. h5 b6 33. Rxc6 Qxc6 34. hxg6 h5 35. Qh3 Qc1+ 36. Kh2 b5 37. Bc5 Rd8 38.
Qh4 Qc3 39. Be2 Rd7 40. Bf3 Nf5 41. Qxh5 Qe1 42. Bg4 Qg3+ 43. Kg1 Rg7 44. Bxf5 exf5 45. Qxf5 Rxg6 46. Qd5+ Kh7 47. Kf1 Qg4 48. Bf8 Kh8 49.
Bc5 Rg7 50. Bd4 Qh4 51. Qc6 Qh1+ 52. Kf2 Qh4+ 53. Kf1 Rg6 54. Qa8+ Kh7 55. Qd5 Kh6 56. Bc5 Qg4 57. Bf8+ Kh7 58. Qf7+ Kh8 59. Qd5 1/2-1/2

[Event "*** Titled Tuesday 3|2 Blitz"]
[Site "Chess.com"]
[Date "2016.05.03"]
[Round "8"]
[White "NaziPaiki"]
[Black "Zlatan56"]
[Result "1-0"]
[WhiteElo "2700"]
[BlackElo "2597"]
[TimeControl "180+2"]
[EndTime "18:42:47 PDT"]
[Termination "NaziPaiki won on time"]

1. e4 d5 2. exd5 Qxd5 3. Nc3 Qa5 4. Nf3 Nf6 5. Bc4 Bg4 6. h3 Bh5 7. O-O Nc6 8. Be2 O-O-O 9. d3 e5 10. Be3 e4 11.
Nd2 exd3 12. cxd3 Bxe2 13. Qxe2 Qh5 14. Nf3 Bd6 15. d4 Rhe8 16. Qc4 h6 17. a3 Kb8 18. b4 g5 19. d5 Ne5 20. Nxe5 Bxe5 21. Nb5 a6 22. d6 Bxd6 23. Nxd6 Rxd6 24. Rfe1 Re4 25.
Qc2 g4 26. Rad1 Rxd1 27. Rxd1 Re8 28. hxg4 Nxg4 29. Bf4 Rc8 30. Rd7 Ne5 31. Re7 Nc6 32. Rd7 Qg4 33. Qd2 h5 34. Rxf7 h4 35. Qd7 Qxd7 36.
Rxd7 Rf8 37. Bxc7+ Kc8 38. Rh7 h3 39. gxh3 Rf3 40.
Kg2 Rxa3 41. Bd6 Rd3 42. Bc5 b6 43. Bxb6 Nxb4 44. h4 Nd5 45. Bc5 Nf4+ 46. Kh2 Rh3+ 47. Kg1 Ne2+ 48. Kf1 Nf4 49. Kg1 Ne2+ 50. Kf1 Nf4 51.
f3 Rxf3+ 52. Kg1 Rh3 53. Bd6 Ne6 54. Kf2 a5 55. Bg3 Rh1 56. Ra7 Ra1 57. Be5 Ra4 58. Kg3 Kd8 59. h5 Ke8 60. h6 Ng5 61. Bf4 Ne4+ 62. Kf3 Nf6 63. Bg5 Ra3+ 64. Kf4 Rh3 65. Kf5 Ng8 66. h7 Nh6+ 67. Bxh6 Rxh6 68. h8=Q+ 1-0

[Event "*** Titled Tuesday 3|2 Blitz"]
[Site "Chess.com"]
[Date "2016.05.03"]
[Round "8"]
[White "asms9699"]
[Black "Penguininja"]
[Result "1/2-1/2"]
[WhiteElo "2354"]
[BlackElo "2246"]
[TimeControl "180+2"]
[EndTime "18:47:27 PDT"]
[Termination "Game drawn by agreement"]

1. c4 c6 2. g3 d5 3. Bg2 Nf6 4. Nf3 Bf5 5. cxd5 cxd5 6. Qb3 Nc6 7. Qxb7 Bd7 8. Qb3 e5 9. O-O Rb8 10. Qd1 e4 11. Ne1 Be7 12. d3 O-O 13. dxe4 dxe4 14.
Nc3 Bb4 15. Nxe4 Nxe4 16. Bxe4 Qe7 17. Bf3 Ne5 18. Bg2 Bb5 19. Nd3 Rfd8 20. Bf4 Nxd3 21. exd3 Rxd3 22. Bxb8 Rxd1 23. Rfxd1 h6 24. a3 Bc5 25. b4 Bb6 26. Bf4 g5 27. Bd6 Qf6 28. Bc5 Bc7 29. Rac1 a6 30. Bd4 Qe7 31. Re1 Qd8 32.
Bc5 Bd7 33. Rcd1 Qc8 34. Bd5 Bd8 35. Rd2 Bf6 36. Bb3 Bh3 37. Rd6 Bg7 38. Bd5 Bf8 39. Rc6 Qf5 40. Be4 Qd7 41. Bxf8 Kxf8 42. Rxh6 Kg7 43.
Rxa6 Be6 44. Bg2 Qd2 45. Rf1 Qb2 46. Rxe6 fxe6 47. a4 Qxb4 48. Bc6 Qa5 49. Bb5 Kf6 50. Rd1 Ke5 51. Rc1 Qb6 52. Rc6 Qa5 53. Rc5+ Kf6 54. Rc1 Qd2 55. Rf1 Qa5 56. Bc6 Qc5 57. Bf3 Qa5 58. Kg2 Kf5 59. Rd1 Kf6 60. Rd3 Qc5 61.
Re3 Qa5 62. Bg4 Qa8+ 63. Bf3 Qxa4 64. Re4 Qa5 65. h4 gxh4 66. Rxh4 Qg5 67. Rg4 Qh6 68. Be4 Ke5 69. Bf3 Kd6 70. Rd4+ Ke5 71. Re4+ Kf6 72. Bg4 e5 73. Bf3 Qg5 74. Ra4 Qd2 75. Ra6+ Kf7 76.
Rb6 Qd4 77. Rb7+ Kf6 78. Rb3 Qd6 79. Rc3 Qd4 80. Re3 Qc5 81. Be4 Qd4 82. Kg1 Qd1+ 83. Kh2 Qh5+ 84. Kg2 Qd1 85. Bf3 Qd4 86. Re4 Qd2 87.
Rh4 Qg5 88. Be4 Qg7 89. Kf3 Qf8 90. Rh5 Qa3+ 91. Kg2 Qb4 92. Rh6+ Ke7 93. Bf3 Qd4 94. Rh4 Qb2 95. Bg4 Qb7+ 96. Kh2 Qb2 97. Kg2 Qb7+ 98.
Bf3 Qb2 99. g4 Kf6 100. Rh6+ Kg7 101. Re6 Qd4 102. Rc6 Qf4 103. Re6 Qd4 104. Ra6 Qb4 105. Ra2 Qf4 106. Re2 Qd4 107. Re4 Qd6 108. Kg3 Qf6 109. Bg2 Qg5 110. f3 Qe7 111. Bf1 Qc5 112. Bg2 Qa5 113. f4 Qc3+ 114. Bf3 exf4+ 115. Kxf4 Qc1+ 116. Kf5 Qc8+ 117. Kg5 Qd8+ 118. Kf4 Qf6+ 119. Kg3 Qd6+ 120. Kg2 Qd2+ 121. Be2 Qd5 122. Kf3 Qb3+ 123. Re3 Qf7+ 124. Kg3 Qc7+ 125. Kf2 Qc5 126. Bf3 Qc2+ 127. Re2 Qc5+ 128. Kg2 Qb6 129. Rc2 Qe3 130. Rc7+ Kf8 131. Rb7 Qd2+ 132. Kg3 Qd6+ 133. Kf2 Qd4+ 134. Ke2 Qe5+ 135. Kd3 Qf4 136. Ke2 Qe5+ 137. Kf2 Qd4+ 138. Kg3 Qe5+ 139. Kg2 Qd4 140. Rb5 Qd2+ 141. Kg3 Qe1+ 142. Kf4 Qd2+ 1/2-1/2

[Event "*** Titled Tuesday 3|2 Blitz"]
[Site "Chess.com"]
[Date "2016.05.03"]
[Round "9"]
[White "Penguininja"]
[Black "chito89"]
[Result "1/2-1/2"]
[WhiteElo "2252"]
[BlackElo "2547"]
[TimeControl "180+2"]
[EndTime "18:50:13 PDT"]
[Termination "Game drawn by agreement"]

1. d4 d5 2. Nf3 e6 3. c4 dxc4 4. g3 Nf6 5. Bg2 c5 6. O-O Nc6 7. Na3 cxd4 8. Nxc4 Be7 9. Nce5 Bd7 10. b3 Nd5 11.
Nxd7 Qxd7 12. Bb2 e5 13. e3 O-O 14. exd4 1/2-1/2

[Event "*** Titled Tuesday 3|2 Blitz"]
[Site "Chess.com"]
[Date "2016.05.03"]
[Round "9"]
[White "SidArun"]
[Black "jk13"]
[Result "0-1"]
[WhiteElo "2013"]
[BlackElo "2438"]
[TimeControl "180+2"]
[EndTime "18:51:35 PDT"]
[Termination "jk13 won by resignation"]

1. d4 e6 2. e4 Nf6 3. Nc3 Bb4 4. Bd3 d5 5. e5 Nfd7 6. Qg4 Bf8 7. Nf3 c5 8. Bg5 Qa5 9. O-O cxd4 10. Qxd4 Nc6 11. Qe3 Bc5 12. Qe2 Nd4 13. Nxd4 Bxd4 14. Nb5 Bxe5 15. f4 Qb6+ 16. Kh1 Bf6 17. Bxf6 Nxf6 18. f5 O-O 19. g4 exf5 20. gxf5 Re8 21. Qf3 Bd7 22.
Nc3 d4 23. Ne4 Nxe4 0-1

[Event "*** Titled Tuesday 3|2 Blitz"]
[Site "Chess.com"]
[Date "2016.05.03"]
[Round "9"]
[White "viktorskliarov"]
[Black "Zazuliak"]
[Result "1-0"]
[WhiteElo "2438"]
[BlackElo "2357"]
[TimeControl "180+2"]
[EndTime "18:51:58 PDT"]
[Termination "viktorskliarov won by resignation"]

1. e4 c5 2. Nf3 g6 3. d4 cxd4 4. Qxd4 Nf6 5. Bb5 Nc6 6. Qa4 Bg7 7. Nc3 O-O 8. e5 Ng4 9. Qxg4 d6 10. Qh4 Nxe5 11.
Bh6 Nxf3+ 12. gxf3 Bf6 13. Bg5 Bxc3+ 14. bxc3 Qb6 15.
Bd3 Qb2 16. O-O 1-0

[Event "*** Titled Tuesday 3|2 Blitz"]
[Site "Chess.com"]
[Date "2016.05.03"]
[Round "9"]
[White "Assasin14"]
[Black "GMG"]
[Result "0-1"]
[WhiteElo "2061"]
[BlackElo "2412"]
[TimeControl "180+2"]
[EndTime "18:54:01 PDT"]
[Termination "GMG won by checkmate"]

1. e4 d5 2. exd5 Qxd5 3. Nc3 Qa5 4. d4 Nf6 5. Nf3 c6 6. Bd3 Bg4 7. O-O e6 8. h3 Bh5 9. Bg5 Nbd7 10. Bf4 Be7 11. Ne4 Nxe4 12. Bxe4 Nf6 13. Bd3 O-O 14.
c3 Rfd8 15. Be2 c5 16. Be5 cxd4 17. Bxd4 Bxf3 18. Bxf3 e5 19. Qe2 exd4 20. Qxe7 Rd7 21. Qe1 dxc3 22. Qxc3 Qxc3 23. bxc3 Rc8 24. Rab1 b6 25.
Rfc1 Rdc7 26. Rb3 g6 27. a4 Rc5 28. Kf1 R8c7 29. Ra3 Nd7 30. Ke2 Ne5 31. Be4 Nc4 32.
Ra2 Re7 33. Kd3 Rd7+ 34. Kc2 Rd2+ 35. Kb3 Rd6 36. Rcc2 Rd1 37. Re2 Rc1 38. Bd3 Na5+ 39. Kb4 R1xc3 40. Bb5 Rb3# 0-1